[Event "Betsys MČR v online bleskovém šachu 2021"]
[Site "Chess.com"]
[Date "2021.04.17"]
[Round "2"]
[White "Rubinus"]
[Black "Lisak007"]
[Result "1-0"]
[WhiteElo "2140"]
[BlackElo "1782"]
[TimeControl "180+1"]
[EndTime "9:16:17 PDT"]
[Termination "Uživatel Rubinus zvítězil po vzdání soupeře"]

1. e4 c5 2. Nf3 Nc6 3. d4 cxd4 4. Nxd4 Nf6 5. Nc3 e6 6. Ndb5 Bb4 7. a3 Bxc3+ 8. Nxc3 d5 9. exd5 exd5 10. Nb5 O-O 11. Be2 a6 12. Nd4 Qb6 13. c3 Nxd4 14. Qxd4 Qxd4 15. cxd4 Bf5 16. Bg5 Ne4 17. Be3 Rac8 18.
f3 Nd6 19. Kd2 Nc4+ 20. Bxc4 dxc4 21. Kc3 b5 22. Rhe1 Rfe8 23. Bf4 f6 24. Bd6 Kf7 25. g4 Bd7 26. Bc5 Bc6 27. f4 Rxe1 28. Rxe1 Re8 29. Rxe8 Kxe8 30. Kb4 Kd7 31. Ka5 Bb7 32. Kb6 Bc8 33.
Bf8 g6 34. g5 fxg5 35. fxg5 Ke6 36. Kc7 Bd7 37. Kb7 Kd5 38. Bg7 Ke4 39. Kxa6 Kd3 40. Kb6 Kc2 41. d5 Kd3 42. Kc7 Bf5 43. d6 Ke4 44. d7 Bxd7 45. Kxd7 Kf4 46. Bh6 Kf5 47. h4 Kg4 48. Kd6 Kxh4 49. Kc5 1-0

[Event "Betsys MČR v online bleskovém šachu 2021"]
[Site "Chess.com"]
[Date "2021.04.17"]
[Round "2"]
[White "TarantAnk"]
[Black "Michal5"]
[Result "1-0"]
[WhiteElo "1731"]
[BlackElo "1227"]
[TimeControl "180+1"]
[EndTime "9:16:17 PDT"]
[Termination "Uživatel TarantAnk zvítězil na čas"]

1. e4 c5 2. Nf3 d6 3. Nc3 Nf6 4. d4 cxd4 5. Nxd4 g6 6. Bc4 Bg7 7. Bg5 O-O 8. Qd2 Nc6 9. Nxc6 bxc6 10. Bh6 Rb8 11. Bxg7 Kxg7 12. b3 Qb6 13. O-O Ba6 14.
Bxa6 Qxa6 15. a4 Qc8 16. Rad1 Qc7 17. f4 Nd7 18. f5 Rfc8 19. Qg5 Ne5 20. h4 h6 21. Qg3 Rh8 22. Rd2 Rbf8 23. Rdf2 Qb6 24. Kh1 Qd4 25. f6+ exf6 26. Rxf6 Qd2 27. Rd1 Qxc2 28. Rdxd6 Qc1+ 29. Kh2 Qc2 30. Qxe5 1-0

[Event "Betsys MČR v online bleskovém šachu 2021"]
[Site "Chess.com"]
[Date "2021.04.17"]
[Round "2"]
[White "Chessillusion213"]
[Black "Jeff_CZE"]
[Result "1-0"]
[WhiteElo "2173"]
[BlackElo "1856"]
[TimeControl "180+1"]
[EndTime "9:16:22 PDT"]
[Termination "Uživatel Chessillusion213 zvítězil po vzdání soupeře"]

1. d4 e6 2. c4 d5 3. Nf3 Nf6 4. g3 Be7 5. Bg2 O-O 6. O-O dxc4 7. Ne5 Nc6 8. Nxc6 bxc6 9. e3 Bb7 10. Nd2 Rb8 11. Nxc4 c5 12. Ne5 Bxg2 13. Kxg2 Qd5+ 14. Qf3 cxd4 15. Qxd5 exd5 16. exd4 Bd6 17. b3 Rfe8 18. Bb2 Ne4 19. Rac1 c5 20. Nd7 Rbc8 21. Nxc5 Nxc5 22. dxc5 Bxc5 23. Rfd1 Re2 24. Bd4 1-0

[Event "Betsys MČR v online bleskovém šachu 2021"]
[Site "Chess.com"]
[Date "2021.04.17"]
[Round "2"]
[White "121pepa"]
[Black "milanpetras"]
[Result "0-1"]
[WhiteElo "1415"]
[BlackElo "1831"]
[TimeControl "180+1"]
[EndTime "9:16:22 PDT"]
[Termination "Uživatel milanpetras zvítězil po vzdání soupeře"]

1. d4 d5 2. c4 e6 3. Nc3 Nf6 4.
Bg5 Be7 5. Nf3 c5 6. e3 Nc6 7. Be2 cxd4 8. Nxd4 Nxd4 9. Qxd4 dxc4 10. Qxd8+ Bxd8 11. Bxc4 O-O 12. O-O-O a6 13. h4 b5 14. Bb3 Bb7 15. Rhg1 h6 16. Bf4 Ba5 17. Be5 Rad8 18. Rxd8 Rxd8 19. Bxf6 gxf6 20. Kc2 Kg7 21. g3 f5 22. Rd1 Rxd1 23. Kxd1 Kf6 24. Kd2 Bb6 25. a3 Bc6 26. Bc2 Ke5 27. f4+ Kd6 28.
b4 Ke7 29. Ne2 Be4 30. Bxe4 fxe4 31. Nd4 Bxd4 32. exd4 f5 33. Ke3 Kd6 34. h5 Kd5 35. Kd2 Kc4 36. Ke3 Kd5 37. Kd2 Kxd4 38. Ke2 Kc3 39.
Ke3 Kb3 40. g4 fxg4 41. Kxe4 Kxa3 42. Ke3 Kxb4 43. Kf2 a5 44. Kg3 a4 45. Kxg4 a3 46. f5 a2 47. f6 a1=Q 48. f7 Qf1 49. Kg3 Qxf7 50. Kg4 Qf5+ 51. Kh4 Qg5+ 52. Kh3 Kc3 53. Kh2 Kd2 54. Kh3 Ke2 0-1

[Event "Betsys MČR v online bleskovém šachu 2021"]
[Site "Chess.com"]
[Date "2021.04.17"]
[Round "2"]
[White "Tomasn2003"]
[Black "svobodan"]
[Result "0-1"]
[WhiteElo "1121"]
[BlackElo "1670"]
[TimeControl "180+1"]
[EndTime "9:16:22 PDT"]
[Termination "Uživatel svobodan zvítězil matem"]

1. b3 e5 2. Bb2 Nc6 3. e3 d5 4. Bb5 Bd6 5. Nf3 Qe7 6. Bxc6+ bxc6 7. O-O Bg4 8. h3 Bh5 9. d3 Nf6 10. Nbd2 O-O 11. Re1 Rfe8 12. g4 Bg6 13. Nh4 Nd7 14. Nxg6 fxg6 15. Nf3 e4 16. dxe4 dxe4 17. Nd4 Qh4 18.
Kg2 Rf8 19. Re2 c5 20. Ne6 Rf3 21. Qh1 Ne5 22. Bxe5 Bxe5 23. Rd1 Re8 24. Nxc5 Ref8 25.
Rdd2 Rg3+ 26. Kf1 Rxh3 27. Qg2 Rh1+ 28. Qxh1 Qxh1# 0-1

[Event "Betsys MČR v online bleskovém šachu 2021"]
[Site "Chess.com"]
[Date "2021.04.17"]
[Round "2"]
[White "JanBaraCZE"]
[Black "Skalicky"]
[Result "1-0"]
[WhiteElo "1588"]
[BlackElo "791"]
[TimeControl "180+1"]
[EndTime "9:16:23 PDT"]
[Termination "Uživatel JanBaraCZE zvítězil na čas"]

1. d4 d5 2. c4 dxc4 3. e4 e5 4. Nf3 exd4 5. Qxd4 Qxd4 6. Nxd4 Nf6 7. Nc3 Nc6 8. Nxc6 bxc6 9. Bxc4 Be7 10. Bf4 Bd8 11. O-O-O O-O 12. h3 Be6 13. Bxe6 fxe6 14. g4 Rf7 15.
Na4 Rd7 16. Nc5 Rxd1+ 17. Rxd1 Kf7 18. Nd7 Nxd7 19. Rxd7+ Kf8 20. Bxc7 Bxc7 21. Rxc7 Rd8 22. Rxc6 Rd4 23. Rxe6 Kf7 24. Re5 Ra4 25. a3 Ra6 26. Rc5 Rf6 27. Rf5 Rxf5 28. exf5 Kf6 29. f4 g6 30. fxg6 hxg6 31. Kd2 1-0

[Event "Betsys MČR v online bleskovém šachu 2021"]
[Site "Chess.com"]
[Date "2021.04.17"]
[Round "2"]
[White "AdeeJa"]
[Black "JonasFadrny"]
[Result "1-0"]
[WhiteElo "1541"]
[BlackElo "756"]
[TimeControl "180+1"]
[EndTime "9:16:27 PDT"]
[Termination "Uživatel AdeeJa zvítězil matem"]

1. e4 e5 2. Nf3 Nc6 3. Bb5 d6 4. d4 a6 5. Ba4 b5 6. Bb3 Nf6 7. dxe5 Nxe5 8. Nxe5 dxe5 9. Bxf7+ Kxf7 10. Qxd8 Bb4+ 11.
Qd2 Bxd2+ 12. Nxd2 Nxe4 13. Nxe4 Bf5 14. Ng5+ Kf6 15.
O-O Bxc2 16. f4 exf4 17. Rxf4+ Kxg5 18. Rc4+ Kg6 19. Rxc2 Rhe8 20. Rf2 Re1+ 21. Rf1 Rxf1+ 22. Kxf1 Rf8+ 23. Ke2 Re8+ 24. Be3 Kf5 25. Rc1 Re7 26. Rc5+ Kf6 27. Kf3 Rf7 28. Bf4 Kg6 29. g4 h5 30.
Rxc7 Rxc7 31. Bxc7 hxg4+ 32. Kxg4 Kf6 33. h4 g6 34.
Bd8+ Kg7 35. Kg5 Kf7 36. b4 Kg7 37. Bc7 Kf7 38. Be5 Ke6 39. Kxg6 Kxe5 40. h5 Ke6 41. h6 Kd5 42. h7 Kc4 43. h8=Q Kxb4 44. Qg8 Ka5 45. Kf5 b4 46. Ke5 Kb5 47. Kd5 a5 48. Qe8+ Kb6 49. Qc6+ Ka7 50. Qb5 a4 51. Kc6 b3 52. Qb7# 1-0

[Event "Betsys MČR v online bleskovém šachu 2021"]
[Site "Chess.com"]
[Date "2021.04.17"]
[Round "2"]
[White "pburak"]
[Black "Kijonker"]
[Result "1-0"]
[WhiteElo "1065"]
[BlackElo "1553"]
[TimeControl "180+1"]
[EndTime "9:16:30 PDT"]
[Termination "Uživatel pburak zvítězil po vzdání soupeře"]

1. e4 c5 2. Nf3 d6 3. d4 cxd4 4. Nxd4 Nf6 5. Nc3 g6 6. Bc4 Bg7 7. O-O O-O 8. Bg5 Nc6 9. Nxc6 bxc6 10. Qd2 Rb8 11. Bb3 Ba6 12. Rfe1 Nd7 13. Bh6 Bxh6 14. Qxh6 Ne5 15. h3 Qb6 16. Rad1 Bc4 17. Bxc4 Nxc4 18. e5 Nxe5 19. Re4 Nd7 20. Rh4 Nf6 21. Ne4 Rfc8 22. Nxf6+ exf6 23. Qxh7+ Kf8 24. Re1 1-0

[Event "Betsys MČR v online bleskovém šachu 2021"]
[Site "Chess.com"]
[Date "2021.04.17"]
[Round "2"]
[White "Tassa15"]
[Black "Bavorak15"]
[Result "0-1"]
[WhiteElo "847"]
[BlackElo "1588"]
[TimeControl "180+1"]
[EndTime "9:16:30 PDT"]
[Termination "Uživatel Bavorak15 zvítězil matem"]

1. d4 Nf6 2. Nf3 e6 3. Bf4 d5 4. e3 Bd6 5. Bxd6 Qxd6 6. c3 O-O 7. Bd3 Nbd7 8. h3 e5 9. dxe5 Nxe5 10. Nxe5 Qxe5 11. Nd2 b6 12. Nf3 Qe7 13. Qc2 g6 14. O-O Ne4 15. Rfe1 Bb7 16. Nd4 c5 17. Nf3 Qc7 18.
Rad1 Rad8 19. Bxe4 dxe4 20. Rxd8 Rxd8 21. Nd2 Rd3 22.
Nb3 Qd6 23. Nc1 Rd2 24. Qb1 Qf6 25. Rf1 Ba6 26. Nb3 Re2 27. Qd1 Rxb2 28. Qd7 Bxf1 29. Kxf1 Qxf2# 0-1

[Event "Betsys MČR v online bleskovém šachu 2021"]
[Site "Chess.com"]
[Date "2021.04.17"]
[Round "2"]
[White "ghostdog777"]
[Black "TTCZ"]
[Result "1-0"]
[WhiteElo "2133"]
[BlackElo "1480"]
[TimeControl "180+1"]
[EndTime "9:16:32 PDT"]
[Termination "Uživatel ghostdog777 zvítězil matem"]

1. e4 e6 2. d4 d5 3. Nc3 Nf6 4.
Bg5 Be7 5. e5 Nfd7 6. h4 Bxg5 7.
hxg5 Qxg5 8. Nh3 Qe7 9. Qg4 f6 10. f4 f5 11. Qg3 Nc6 12. O-O-O Nb6 13. Ng5 h6 14. Be2 Bd7 15. Bh5+ Kd8 16. Nf7+ Kc8 17.
Nxh8 Nc4 18. Be2 N6a5 19. Bxc4 Nxc4 20. Rd3 Qb4 21. Nd1 Bb5 22. a3 Qa4 23. Rc3 Qa6 24. Qxg7 b6 25. Rxh6 Kb7 26. Rh7 Rc8 27. Nf7 Nxb2 28.
Kxb2 Qa5 29. Nd6+ Kb8 30. Nxc8 Kxc8 31. Qxc7# 1-0

[Event "Betsys MČR v online bleskovém šachu 2021"]
[Site "Chess.com"]
[Date "2021.04.17"]
[Round "2"]
[White "Figo5144"]
[Black "RomanHlavicka"]
[Result "0-1"]
[WhiteElo "569"]
[BlackElo "1517"]
[TimeControl "180+1"]
[EndTime "9:16:32 PDT"]
[Termination "Uživatel RomanHlavicka zvítězil matem"]

1. e4 c5 2. c4 Nc6 3. Nc3 d6 4.
Nf3 Nf6 5. Be2 Bg4 6. d3 e6 7. O-O Be7 8. Bg5 O-O 9. h3 Bxf3 10. Bxf3 a6 11. a3 Rc8 12. Qe2 Nd4 13. Qd2 Nxf3+ 14. gxf3 Nd7 15. Be3 h6 16. Rfe1 Bg5 17. f4 Bh4 18.
Kf1 Nb6 19. Ke2 d5 20. exd5 exd5 21. Rad1 d4 22. Ne4 dxe3 23. Qxe3 Re8 24. Kd2 Nxc4+ 25. Kc3 Nxe3 26. Rxe3 Qd4+ 27. Kc2 Rcd8 28. b3 b5 29. f5 c4 30. bxc4 bxc4 31. dxc4 Qxd1+ 32. Kc3 Bf6+ 33. Kb4 Qb1+ 34. Ka5 Re5+ 35. Ka4 Qd1+ 36.
Rb3 Rb8 37. Nxf6+ gxf6 38. f4 Qxb3# 0-1

[Event "Betsys MČR v online bleskovém šachu 2021"]
[Site "Chess.com"]
[Date "2021.04.17"]
[Round "2"]
[White "KJ327NR"]
[Black "sachovybukowski"]
[Result "1-0"]
[WhiteElo "2367"]
[BlackElo "1996"]
[TimeControl "180+1"]
[EndTime "9:16:33 PDT"]
[Termination "Uživatel KJ327NR zvítězil matem"]

1. e4 c5 2. Nf3 d6 3. Bb5+ Nd7 4. O-O a6 5. Bd3 g6 6. c3 Bg7 7. Re1 Nh6 8. Bc2 O-O 9. d4 b6 10. Bf4 Ng4 11. h3 Ngf6 12. Nbd2 Bb7 13. Qe2 Re8 14. Rad1 Rc8 15. d5 b5 16. Bd3 Nb6 17. c4 b4 18.
Nb3 Nbd7 19. e5 Nh5 20. Bh2 Bh6 21. e6 Ndf6 22. exf7+ Kxf7 23. Qe6+ Kf8 24. Nh4 Nf4 25.
Bxf4 Bxf4 26. Bxg6 Be5 27. Qf7# 1-0

[Event "Betsys MČR v online bleskovém šachu 2021"]
[Site "Chess.com"]
[Date "2021.04.17"]
[Round "2"]
[White "RunningPawnz88"]
[Black "DrDANDog"]
[Result "0-1"]
[WhiteElo "1341"]
[BlackElo "1789"]
[TimeControl "180+1"]
[EndTime "9:16:33 PDT"]
[Termination "Uživatel DrDANDog zvítězil po vzdání soupeře"]

1. d4 Nf6 2. c4 g6 3. Nc3 Bg7 4. g3 O-O 5. Bg2 d6 6. e3 Nbd7 7. Nge2 e5 8. O-O exd4 9. exd4 Re8 10. Bf4 Nh5 11. Bd2 Nb6 12. c5 dxc5 13. dxc5 Nc4 14. Bf4 Nxf4 15. Nxf4 Nxb2 16. Qb3 Qd2 17. Ne4 Qd4 18. Ng5 Rf8 19. Bd5 Qf6 20. Bxf7+ Rxf7 21. Nge6 Bxe6 22. Nxe6 Bh8 23. Qxb7 Re8 24. Nxc7 Ree7 25. Qc8+ Rf8 26. Qh3 Rxc7 27. Rab1 Nd3 28. Rbd1 Nxc5 29.
Qg2 Rcf7 30. Rd2 Qf3 31. Qxf3 Rxf3 32. Rd5 Ne4 33. Rd7 Nxf2 0-1

[Event "Betsys MČR v online bleskovém šachu 2021"]
[Site "Chess.com"]
[Date "2021.04.17"]
[Round "2"]
[White "Simago"]
[Black "VitaRasik"]
[Result "0-1"]
[WhiteElo "2094"]
[BlackElo "2617"]
[TimeControl "180+1"]
[EndTime "9:16:35 PDT"]
[Termination "Uživatel VitaRasik zvítězil po vzdání soupeře"]

1. e4 d6 2. Nc3 g6 3. f4 Bg7 4. Nf3 Nf6 5. d3 O-O 6. Be2 Nc6 7. O-O e5 8. h3 a6 9. Be3 b5 10. a3 Rb8 11. Qd2 Nh5 12. fxe5 dxe5 13. Nd5 Be6 14. c4 Ng3 15. Rf2 Nxe2+ 16. Rxe2 Nd4 17. Nxd4 exd4 18. Bf4 Rb7 19. Nb4 bxc4 20. Nxa6 c3 21. Qc1 Qe7 22. Nb4 c5 23. Na2 c4 24. bxc3 cxd3 25. Rd2 Bxa2 26. Raxa2 Qxe4 27. Bd6 dxc3 28. Bxf8 cxd2 29. Qxd2 Bxf8 30.
Ra1 Qd4+ 0-1

[Event "Betsys MČR v online bleskovém šachu 2021"]
[Site "Chess.com"]
[Date "2021.04.17"]
[Round "2"]
[White "Svisthorsky"]
[Black "petr812"]
[Result "0-1"]
[WhiteElo "1473"]
[BlackElo "2106"]
[TimeControl "180+1"]
[EndTime "9:16:35 PDT"]
[Termination "Uživatel petr812 zvítězil po vzdání soupeře"]

1. d4 Nf6 2. Bg5 g6 3. Bxf6 exf6 4. Nc3 Bg7 5. Nf3 O-O 6. e4 d6 7. Bd3 Bg4 8. h3 Bxf3 9. Qxf3 Nc6 10. d5 Ne5 11.
Qe2 Re8 12. O-O-O a6 13. f4 Nd7 14. g4 b5 15. f5 Ne5 16. h4 b4 17. Nb1 a5 18. g5 a4 19. h5 fxg5 20. hxg6 Qf6 21. Qh2 h6 22. Qe2 Nxd3+ 23. Rxd3 Qxb2+ 24. Kd1 Qxb1+ 25. Kd2 Qxh1 26. Rf3 Bc3+ 27. Kd3 f6 28. Qe3 Qd1+ 29. Kc4 Qd4+ 30. Qxd4 Bxd4 31. Rh3 Re5 32. Rxh6 Rxe4 33. Kxb4 g4 34. Kb5 Re5 35. Kc6 Rxf5 36. Kxc7 Rxd5 0-1

[Event "Betsys MČR v online bleskovém šachu 2021"]
[Site "Chess.com"]
[Date "2021.04.17"]
[Round "2"]
[White "czechfant94"]
[Black "kubajss"]
[Result "1-0"]
[WhiteElo "1604"]
[BlackElo "878"]
[TimeControl "180+1"]
[EndTime "9:16:37 PDT"]
[Termination "Uživatel czechfant94 zvítězil na čas"]

1. e4 e5 2. Nf3 Nc6 3. Bc4 Nf6 4. d3 Bc5 5. c3 O-O 6. Nbd2 d6 7. Nf1 Bg4 8. Ng3 Re8 9. a4 d5 10.
exd5 Nxd5 11. Bxd5 Qxd5 12. b4 Bd6 13. O-O Bxf3 14. Qxf3 Qxf3 15. gxf3 Re7 16. Ne4 Rae8 17. Be3 f6 18. Rfe1 Nb8 19. Bxa7 Nd7 20. Be3 b6 21.
Nxd6 cxd6 22. f4 h6 23. Kf1 g5 24. fxg5 hxg5 25. Ke2 Rh7 26. Rh1 d5 27. a5 b5 28.
a6 Ra8 29. a7 Nf8 30. Bc5 Ng6 31. Ra6 Nf4+ 32. Ke3 Ng2+ 33. Kf3 Nh4+ 34. Kg4 Ng6 35. Rxf6 1-0

[Event "Betsys MČR v online bleskovém šachu 2021"]
[Site "Chess.com"]
[Date "2021.04.17"]
[Round "2"]
[White "Maty122"]
[Black "prosinec"]
[Result "0-1"]
[WhiteElo "1166"]
[BlackElo "1725"]
[TimeControl "180+1"]
[EndTime "9:16:39 PDT"]
[Termination "Uživatel prosinec zvítězil na čas"]

1. e4 d6 2. Nf3 Bg4 3. d4 Nf6 4. Nc3 c6 5. h3 Bxf3 6. Qxf3 e6 7.
Bg5 Be7 8. Bd3 h6 9. Bh4 d5 10. e5 Nfd7 11. Bxe7 Qxe7 12. Qg4 O-O 13. f4 a6 14. f5 exf5 15. Qxf5 g6 16. Qf4 Kg7 17. h4 h5 18. g4 Rh8 19. O-O-O b5 20. Rdg1 b4 0-1

[Event "Betsys MČR v online bleskovém šachu 2021"]
[Site "Chess.com"]
[Date "2021.04.17"]
[Round "2"]
[White "Sfreedom01"]
[Black "Rognort"]
[Result "0-1"]
[WhiteElo "1333"]
[BlackElo "1788"]
[TimeControl "180+1"]
[EndTime "9:16:44 PDT"]
[Termination "Uživatel Rognort zvítězil matem"]

1. e4 d5 2. exd5 Qxd5 3. Nc3 Qa5 4. Nf3 c6 5. d3 Bf5 6. Bd2 e6 7. Be2 Qc7 8. O-O Bd6 9. g3 Nf6 10. Kg2 Nbd7 11. Be3 h5 12. Bg5 O-O-O 13. Bxf6 Nxf6 14. Rh1 Rdg8 15. Qd2 h4 16. Nxh4 Rxh4 17. gxh4 Nd5 18. Nxd5 exd5 19. Qg5 Qd7 20. h3 f6 21. Qe3 Qc7 22.
Bg4 g6 23. Qxa7 Kd7 24. Qe3 Bf4 25. Qf3 Qd6 26. Rae1 Rg7 27. Kf1 Bh6 28. Bxf5+ gxf5 29.
Qxf5+ Kc7 30. Qe6 Qf4 31. Qe3 Qxh4 32. Qf3 Qg5 33. Rh2 Qg1+ 34. Ke2 Re7+ 35. Kd1 Qxe1# 0-1

[Event "Betsys MČR v online bleskovém šachu 2021"]
[Site "Chess.com"]
[Date "2021.04.17"]
[Round "2"]
[White "doktorovak"]
[Black "misacz"]
[Result "1-0"]
[WhiteElo "1665"]
[BlackElo "1078"]
[TimeControl "180+1"]
[EndTime "9:16:49 PDT"]
[Termination "Uživatel doktorovak zvítězil po vzdání soupeře"]

1. e4 e6 2. Nf3 d5 3. exd5 exd5 4. d4 Nf6 5. Bd3 Be6 6. h3 Nc6 7. c3 Bd6 8. O-O O-O 9. Bg5 Be7 10. Nbd2 Qd7 11.
Ne5 Nxe5 12. dxe5 Ne8 13. Bxe7 Qxe7 14. Qh5 g6 15. Qf3 Ng7 16. Nb3 Nf5 17. Rfe1 Qg5 18. Bxf5 Bxf5 19. Nd4 Be4 20. Qg3 Qxg3 21. fxg3 f5 22.
exf6 Rxf6 23. Rf1 Rxf1+ 24. Rxf1 Rf8 25. Re1 c6 26. Ne6 Re8 27. Ng5 Kg7 28. Kf2 Re5 29. Nxe4 dxe4 30. Ke3 Ra5 31. a3 Rb5 32. b4 Re5 33. Kf4 Rf5+ 34. Kxe4 Rf2 35. Ke5 Rxg2 36. Re3 Ra2 37. Kd6 Rxa3 38. Kc7 b6 39. Kxc6 Ra1 40.
Kb5 Rf1 41. c4 Rf5+ 42. c5 bxc5 43. bxc5 a6+ 44. Kb6 Rxc5 45. Kxc5 a5 46. Kb5 a4 47.
Kxa4 Kf6 48. Re4 Kg5 49. Kb5 1-0

[Event "Betsys MČR v online bleskovém šachu 2021"]
[Site "Chess.com"]
[Date "2021.04.17"]
[Round "2"]
[White "Nevimjakhrat"]
[Black "Lipican"]
[Result "0-1"]
[WhiteElo "1495"]
[BlackElo "2083"]
[TimeControl "180+1"]
[EndTime "9:16:50 PDT"]
[Termination "Uživatel Lipican zvítězil po vzdání soupeře"]

1. c4 c6 2. e4 d5 3. cxd5 cxd5 4. exd5 Nf6 5. Nc3 g6 6. g3 Bg7 7. Bg2 O-O 8. d4 Nbd7 9. Nge2 Nb6 10. O-O Nbxd5 11.
Be3 Nxe3 12. fxe3 Rb8 13. Nf4 b5 14. b4 Bb7 15. a3 Bxg2 16. Kxg2 Qb6 17. Ncd5 Nxd5 18.
Nxd5 Qb7 19. Qf3 e6 20. Nf6+ Bxf6 21. Qxb7 Rxb7 22. Rxf6 Rc7 23. Rf2 f5 24. Raf1 Rfc8 25. h3 Rc3 26. g4 Rxe3 27. gxf5 exf5 28. Rd2 Rd8 29. d5 Rd6 30. Rfd1 Kg7 31. Ra1 Re5 32. Rad1 Kf6 33. Kf3 g5 34. Kg3 f4+ 35. Kg4 Re3 36.
h4 Rg3+ 37. Kh5 g4 38. Rd4 Ke5 39. Kg5 h6+ 40. Kh5 Rg2 41. Rf1 Kxd4 0-1

[Event "Betsys MČR v online bleskovém šachu 2021"]
[Site "Chess.com"]
[Date "2021.04.17"]
[Round "2"]
[White "Vojta0007"]
[Black "Sunnika"]
[Result "0-1"]
[WhiteElo "1499"]
[BlackElo "2314"]
[TimeControl "180+1"]
[EndTime "9:16:50 PDT"]
[Termination "Uživatel Sunnika zvítězil matem"]

1. d4 Nf6 2. c4 c5 3. d5 e6 4.
Nc3 exd5 5. cxd5 d6 6. e4 g6 7. Bd3 Bg7 8. Nf3 a6 9. a4 Bg4 10. h3 Bxf3 11. Qxf3 O-O 12. O-O Nbd7 13. Be3 Re8 14.
Rfe1 Rb8 15. Qd1 Qc7 16. Qd2 c4 17. Bc2 b5 18. axb5 axb5 19. Ra7 Rb7 20. Rea1 b4 21.
Rxb7 Qxb7 22. Ra7 bxc3 23. Rxb7 cxd2 24. Bxd2 Nc5 25. Rb6 Nfxe4 26. Be3 Nd3 27. f3 Nec5 28. Bxc5 Nxc5 29. Rxd6 Bxb2 30. Rc6 Re2 31. Be4 Bd4+ 32.
Kh1 c3 33. d6 Kg7 34. Rc8 Rxe4 35. fxe4 c2 36. d7 c1=Q+ 37. Kh2 Qf4+ 38. g3 Qf2+ 39. Kh1 Qg1# 0-1

[Event "Betsys MČR v online bleskovém šachu 2021"]
[Site "Chess.com"]
[Date "2021.04.17"]
[Round "2"]
[White "Maximon2012"]
[Black "DrStillestein"]
[Result "0-1"]
[WhiteElo "1097"]
[BlackElo "2106"]
[TimeControl "180+1"]
[EndTime "9:16:52 PDT"]
[Termination "Uživatel DrStillestein zvítězil matem"]

1. g3 c6 2. Bg2 d5 3. Nf3 Nf6 4. O-O g6 5. d3 Bg7 6. Bg5 h6 7. Bf4 Nbd7 8. Nbd2 Nh5 9. e3 Nxf4 10. exf4 Bxb2 11. Rb1 Bg7 12. Qe2 O-O 13. Rfe1 Re8 14. Nh4 Nf6 15. f5 g5 16. Nhf3 Bxf5 17. Qe5 Qd7 18.
Nd4 Bg6 19. Qe3 Ng4 20. Qf3 Bxd4 21. Re2 Bg7 22. Rbe1 e6 23. Qxg4 Bc3 24. Rd1 Qc7 25. Nf3 Bf6 26. Qb4 a5 27. Qa3 b5 28. Qc1 Kg7 29. Rde1 b4 30. Ne5 Bh7 31. Bh3 c5 32. Kg2 Qb7 33. Ng4 d4+ 34. Kg1 Be7 35. Kf1 Bd6 36. Rd1 Qh1# 0-1

[Event "Betsys MČR v online bleskovém šachu 2021"]
[Site "Chess.com"]
[Date "2021.04.17"]
[Round "2"]
[White "domecek"]
[Black "martin1804"]
[Result "1/2-1/2"]
[WhiteElo "1971"]
[BlackElo "2274"]
[TimeControl "180+1"]
[EndTime "9:16:53 PDT"]
[Termination "Remíza opakováním pozice"]

1. d4 Nf6 2. Nf3 e6 3. g3 b5 4.
Bg2 Bb7 5. O-O c5 6. a4 b4 7. c4 cxd4 8. Nxd4 Bxg2 9. Kxg2 d5 10. cxd5 Qxd5+ 11. Nf3 Qb7 12. b3 h5 13. Kg1 Nbd7 14. Bb2 Rd8 15. Nbd2 h4 16. Rc1 hxg3 17. hxg3 g5 18. e4 Be7 19. Nxg5 Rg8 20. Ngf3 Nxe4 21. Nxe4 Qxe4 22. Nd4 Rh8 23. Qf3 Qh7 24. Rfd1 Qh2+ 25. Kf1 Ne5 26. Qg2 Qh5 27. Ne2 Rxd1+ 28. Rxd1 Nf3 29.
Bxh8 Nh2+ 30. Kg1 Nf3+ 31. Kf1 Nh2+ 32. Kg1 Nf3+ 33. Kf1 1/2-1/2

[Event "Betsys MČR v online bleskovém šachu 2021"]
[Site "Chess.com"]
[Date "2021.04.17"]
[Round "2"]
[White "Jindrich4321"]
[Black "mravecuk"]
[Result "1/2-1/2"]
[WhiteElo "1940"]
[BlackElo "2254"]
[TimeControl "180+1"]
[EndTime "9:16:56 PDT"]
[Termination "Remíza opakováním pozice"]

1. d4 d5 2. Nf3 e6 3. Bf4 Bd6 4. Bg3 c5 5. e3 Nc6 6. c3 Nge7 7. Bd3 c4 8. Bc2 f5 9. b3 O-O 10. bxc4 dxc4 11. O-O Nd5 12. Qe2 b5 13. a4 Bxg3 14.
hxg3 b4 15. Qxc4 Na5 16. Qa2 bxc3 17. Bb3 Ba6 18. Rc1 Rc8 19. Bxd5 exd5 20. Rxc3 Bc4 21. Qc2 Qb6 22. Nbd2 Rb8 23. Ne5 Qb2 24. Qxb2 Rxb2 25.
Ndxc4 dxc4 26. Nxc4 Rc8 27. Nxb2 Rxc3 28. Nd1 Rc4 29. Nb2 Rc3 30. Nd1 Rc4 31. Nb2 Rc3 1/2-1/2

[Event "Betsys MČR v online bleskovém šachu 2021"]
[Site "Chess.com"]
[Date "2021.04.17"]
[Round "2"]
[White "TomSedmihradsky"]
[Black "FaceOfLightning"]
[Result "0-1"]
[WhiteElo "1444"]
[BlackElo "1923"]
[TimeControl "180+1"]
[EndTime "9:16:56 PDT"]
[Termination "Uživatel FaceOfLightning zvítězil po vzdání soupeře"]

1. d4 Nf6 2. c4 e6 3. Nc3 d5 4. Nf3 Nbd7 5. Bg5 c6 6. e3 Qa5 7.
a3 dxc4 8. Bxc4 Ne4 9. Qc2 Nxg5 10. Nxg5 Qxg5 11. O-O Be7 12. Ne4 Qg6 13. Bd3 f5 14. Ng3 O-O 15. e4 f4 16. Ne2 f3 17. Ng3 fxg2 18.
Kxg2 Nf6 19. e5 Qh6 20. exf6 Bxf6 21. Rae1 Bxd4 22. Re4 e5 23. Bc4+ Kh8 24. f3 Bh3+ 25. Kh1 Bxf1 26. Nf5 Rxf5 27. Rg4 Bxc4 28. Qxf5 Be6 29.
Qe4 Bxg4 30. Qxg4 Qc1+ 31. Kg2 Qg1+ 32. Kh3 Qxg4+ 33. Kxg4 Rf8 34. h4 Rf4+ 35. Kg3 h5 36. b4 Bb2 37. a4 Rxb4 38. a5 0-1

[Event "Betsys MČR v online bleskovém šachu 2021"]
[Site "Chess.com"]
[Date "2021.04.17"]
[Round "2"]
[White "Johanna94"]
[Black "penguinorodriguez"]
[Result "0-1"]
[WhiteElo "2079"]
[BlackElo "2551"]
[TimeControl "180+1"]
[EndTime "9:16:57 PDT"]
[Termination "Uživatel penguinorodriguez zvítězil matem"]

1. d4 e6 2. c4 f5 3. Nf3 Nf6 4. h3 g6 5. Bf4 Bg7 6. Nbd2 O-O 7. e3 d6 8. Qc2 Qe7 9. e4 fxe4 10. Nxe4 Nc6 11.
O-O-O Nb4 12. Nxf6+ Qxf6 13. Bg5 Qf7 14. Qb3 a5 15. a3 Nc6 16. Be2 a4 17. Qe3 Na5 18. Kb1 e5 19. dxe5 Bf5+ 20. Bd3 Nxc4 21. Qe2 Bxe5 22. Bc1 Rfe8 23. Qf1 Nxa3+ 24. Ka1 Nc2+ 25. Bxc2 Bxc2 26. Re1 a3 27. Nxe5 axb2+ 28. Kxb2 Qb3# 0-1

[Event "Betsys MČR v online bleskovém šachu 2021"]
[Site "Chess.com"]
[Date "2021.04.17"]
[Round "2"]
[White "Honzik1950"]
[Black "Loveforever_Pepi"]
[Result "0-1"]
[WhiteElo "1490"]
[BlackElo "2303"]
[TimeControl "180+1"]
[EndTime "9:16:59 PDT"]
[Termination "Uživatel Loveforever_Pepi zvítězil po vzdání soupeře"]

1. e4 c5 2. Nf3 d6 3. d4 cxd4 4. Nxd4 Nf6 5. Nc3 g6 6. f3 Bg7 7. Be3 O-O 8. Qd2 Nc6 9. O-O-O Bd7 10. Kb1 Rc8 11. g4 Ne5 12. Be2 Be6 13. h4 Qa5 14. Nxe6 fxe6 15. h5 Nc4 16. Bxc4 Rxc4 17. hxg6 hxg6 18. Bh6 Rf7 19. Bxg7 Rxg7 20. Rh2 g5 21. Rdh1 Nd7 22. Nd1 Qxd2 23. Rxd2 Ne5 24. Rf2 Rc8 25. b3 Rf8 26. Rh3 Rgf7 27. f4 Rxf4 28. Rfh2 Rf1 29. Rh8+ Kf7 30. R2h7+ Ke8 31. Rxf8+ Kxf8 32. Rh2 Rxd1+ 0-1